 Dungeon Sprint DCSS version 0.30-a0-760-g5a9884bb7c (webtiles) character file.

Game seed: 11924657788463986473

62904 octoduck the Impregnable (level 14, -7/146 HPs)
             Began as a Minotaur Fighter on Feb 11, 2023.
             Was a High Priest of Makhleb.
             Killed from afar by a frost giant (8 damage)
             ... with a bolt of cold
             ... while petrified by a nargun
             ... in the Dungeon (Sprint V: "Ziggurat Sprint").
             The game lasted 00:38:35 (1377 turns).

octoduck the Impregnable (Minotaur Fighter)         Turns: 1377, Time: 00:38:36

Health: -7/146     AC: 46    Str: 33    XL:     14   Next: 66%
Magic:  25/25      EV:  2    Int:  5    God:    Makhleb [*****.]
Gold:   0          SH:  0    Dex: 16    Spells: 13/13 levels left

rFire   . . .      SeeInvis +    I - +16 obsidian axe {drain, demonic, Mesm Drain Fly SInv}
rCold   + + .      Faith    .    K - +18 shield of the Gong {Loud rN+ Will+ rCorr EV-5}
rNeg    + + +      Spirit   .    J - +15 Maxwell's patent armour {-Cast -Tele rElec Will+ rCorr}
rPois   ∞          Reflect  +    (helmet restricted)
rElec   +          Harm     .    (no cloak)
rCorr   +          Rampage  .    P - +2 pair of gloves of Kiephe {Dex+2}
Will    +....      NoTele   +    D - +3 pair of mountain boots {steadfast, rC+} Stlth NoCast +
                                 T - amulet of reflection
HPRegen 0.44/turn                N - ring of the Median {rC+ Dex+4 SInv}
MPRegen 0.19/turn                t - ring of Immorality {rElec rPois Will- Str+7}

@: petrified, weak-willed, flying, mesmerised, hasted, studying 3 skills
A: horns 2, retaliatory headbutt
a: Renounce Religion, Minor Destruction, Lesser Servant of Makhleb, Major
Destruction, Greater Servant of Makhleb


You were in the Dungeon.
You worshipped Makhleb.
Makhleb was extremely pleased with you.
You visited 1 branch

Inventory:

Hand Weapons
 m - a +5 battleaxe
 n - a +5 broad axe
 o - a +5 executioner's axe of freezing
 I - the +16 obsidian axe (weapon) {drain, demonic, Mesm Drain Fly SInv}
   (You found it in the Dungeon)

   Mesm:      Its wielder is mesmerised by any visible foes, and it cannot be
   unequipped while any foes are visible.
   SInv:      It lets you see invisible.
   Fly:       It grants you flight.
   Drain:     It drains your maximum health when unequipped.
Missiles
 a - a throwing net (quivered)
 S - 5 silver javelins
Armour
 k - +5 gold dragon scales
 C - a +1 pair of boots of rampaging
 D - the +3 pair of mountain boots (worn) {steadfast, rC+}
   (You found it in the Dungeon)

   Steadfast: It prevents involuntary movement, except for blinking,
   teleportation, or banishment.
   rC:        It protects you from cold.
 J - the +15 Maxwell's patent armour (worn) {-Cast -Tele rElec Will+ rCorr}
   (You found it in the Dungeon)

   rElec:     It insulates you from electricity.
   -Cast:     It prevents spellcasting.
   -Tele:     It prevents most forms of teleportation.
   rCorr:     It protects you from acid and corrosion.
   Will:      It increases your willpower.
 K - the +18 shield of the Gong (worn) {Loud rN+ Will+ rCorr EV-5}
   (You found it in the Dungeon)

   Loud:      It is deafeningly noisy when blocking attacks.
   EV:        It affects your evasion (-5).
   rN:        It protects you from negative energy.
   rCorr:     It protects you from acid and corrosion.
   Will:      It increases your willpower.
 O - the +0 pair of boots "Ekitzum" {Harm rF+ rC- Dex+3}
   (You found it in the Dungeon)

   Dex:       It affects your dexterity (+3).
   rF:        It protects you from fire.
   rC:        It makes you vulnerable to cold.
   Harm:      It increases damage dealt and taken.
 P - the +2 pair of gloves of Kiephe (worn) {Dex+2}
   (You found it in the Dungeon)

   Dex:       It affects your dexterity (+2).
Jewellery
 q - an amulet of the acrobat
 r - a +6 ring of dexterity
 t - the ring of Immorality (right hand) {rElec rPois Will- Str+7}
   (You found it in the Dungeon)

   [ring of poison resistance]

   Str:       It affects your strength (+7).
   rElec:     It insulates you from electricity.
   rPois:     It protects you from poison.
   Will:      It decreases your willpower.
 u - the ring of Ussaliup {rN+ Int+2 Dex+4 Stlth-}
   (You found it in the Dungeon)

   [ring of positive energy]

   Int:       It affects your intelligence (+2).
   Dex:       It affects your dexterity (+4).
   rN:        It protects you from negative energy.
   Stlth:     It makes you less stealthy.
 v - a +6 ring of strength
 w - a +6 ring of strength
 L - a ring of willpower
 M - the ring "Meaginau" {rPois MP+9 Int+3 Dex+6 SInv}
   (You found it in the Dungeon)

   [ring of poison resistance]

   Int:       It affects your intelligence (+3).
   Dex:       It affects your dexterity (+6).
   rPois:     It protects you from poison.
   MP:        It affects your magic capacity (+9).
   SInv:      It lets you see invisible.
 N - the ring of the Median (left hand) {rC+ Dex+4 SInv}
   (You found it in the Dungeon)

   [ring of see invisible]

   Dex:       It affects your dexterity (+4).
   rC:        It protects you from cold.
   SInv:      It lets you see invisible.
 T - an amulet of reflection (around neck)
Wands
 x - a wand of mindburst (7)
 y - a wand of iceblast (7)
 z - a wand of acid (6)
Scrolls
 j - 4 scrolls of blinking
 E - 4 scrolls of amnesia
 F - 6 scrolls of fog
 G - 5 scrolls of identify
 H - a scroll of fear
 R - a scroll of brand weapon
Potions
 d - 2 potions of might
 e - 10 potions of curing
 f - 11 potions of heal wounds
 g - 4 potions of haste
 h - 7 potions of magic
 i - a potion of berserk rage
 A - 2 potions of brilliance
Miscellaneous
 b - a piece from Xom's chessboard (15/15)
 c - a tin of tremorstones (2/2)
 l - a condenser vane
 p - a lightning rod (4/4)
 s - a box of beasts (inert)
 Q - a phantom mirror (inert)


   Skills:
 + Level 19.6 Fighting
 - Level 18.0 Axes
 - Level 25.9 Armour
 - Level 7.8 Dodging
 - Level 16.7 Shields
 + Level 16.5 Invocations
 - Level 17.5 Evocations


You had 13 spell levels left.
You didn't know any spells.
Your spell library contained the following spells:

 Spells                   Type           Power      Damage    Failure   Level
 Apportation              Tloc           0%         N/A       93%         1
 Kiss of Death            Conj/Necr      0%         2d5       93%         1
 Magic Dart               Conj           0%         1d3       93%         1
 Necrotise                Necr           0%         1d4       93%         1
 Sandblast                Erth           0%         2d4       93%         1
 Slow                     Hex            0%         N/A       93%         1
 Summon Small Mammal      Summ           0%         N/A       93%         1
 Blink                    Tloc           0%         N/A       98%         2
 Passwall                 Tmut/Erth      0%         N/A       98%         2
 Searing Ray              Conj           0%         2d4       98%         2
 Dazzling Flash           Conj/Hex       0%         N/A       100%        3
 Portal Projectile        Hex/Tloc       0%         N/A       100%        3
 Spider Form              Tmut/Pois      0%         N/A       100%        3
 Stone Arrow              Conj/Erth      0%         3d7       100%        3
 Summon Guardian Golem    Hex/Summ       0%         N/A       100%        3
 Tukima's Dance           Hex            0%         N/A       100%        3
 Vampiric Draining        Necr           0%         2d6       100%        3
 Vhi's Electric Charge    Tloc/Air       0%         N/A       100%        3
 Airstrike                Air            0%         2d(0-16)  100%        4
 Animate Armour           Summ/Erth      0%         N/A       100%        4
 Fulminant Prism          Conj/Hex       0%         3d5       100%        4
 Manifold Assault         Tloc           0%         N/A       100%        4
 Passage of Golubria      Tloc           0%         N/A       100%        4
 Summon Ice Beast         Ice/Summ       0%         N/A       100%        4
 Summon Lightning Spire   Summ/Air       0%         N/A       100%        4
 Agony                    Necr           0%         N/A       100%        5
 Alistair's Intoxication  Tmut/Pois      0%         N/A       100%        5
 Blade Hands              Tmut           0%         N/A       100%        5
 Irradiate                Conj/Tmut      0%         3d11      100%        5
 Lee's Rapid Deconstruct  Erth           0%         3d4*      100%        5
 Lightning Bolt           Conj/Air       0%         1d11      100%        5
 Summon Forest            Summ/Tloc      0%         N/A       100%        5
 Summon Mana Viper        Hex/Summ       0%         N/A       100%        5
 Yara's Violent Unravell  Hex/Tmut       0%         3d3       100%        5
 Eringya's Noxious Bog    Tmut/Pois      0%         N/A       100%        6
 Dragon Form              Tmut           0%         N/A       100%        7
 Enfeeble                 Hex            0%         N/A       100%        7
 Malign Gateway           Summ/Tloc      0%         N/A       100%        7
 Monstrous Menagerie      Summ           0%         N/A       100%        7
 Orb of Destruction       Conj           0%         9d5       100%        7
 Spellforged Servitor     Conj/Summ      0%         N/A       100%        7
 Storm Form               Tmut/Air       0%         N/A       100%        7
 Summon Hydra             Summ           0%         N/A       100%        7
 Borgnjor's Revivificati  Necr           0%         N/A       100%        8
 Maxwell's Capacitive Co  Air            0%         ∞         100%        8
 Chain Lightning          Conj/Air       0%         N/A       100%        9


Dungeon Overview and Level Annotations

Branches:
Dungeon (1/1)

Altars:
Ashenzari
Cheibriados
Dithmenos
Elyvilon
Fedhas
Gozag
Hepliaklqana
Kikubaaqudgha
Makhleb
Nemelex Xobeh
Okawaru
Qazlal
Ru
Sif Muna
Trog
Uskayaw
Vehumet
Wu Jian
Xom
Yredelemnul
Zin
The Shining One
Jiyva
Lugonu


Innate Abilities, Weirdness & Mutations

You have a pair of horns on your head.
You reflexively headbutt those who attack you in melee.


Message History

* * * LOW HITPOINT WARNING * * *
The nargun bites you but does no damage.
The nargun hits you but does no damage.
The nargun bites you but does no damage.
The titan hits you but does no damage. The wendigo claws you.
* * * LOW HITPOINT WARNING * * *
The wendigo freezes you! You resist.
* * * LOW HITPOINT WARNING * * *
The wendigo barely misses you. The wendigo misses your sixfirhy.
The wendigo bites your sixfirhy!
Your hellion misses the wendigo.
Visions of slaying the nargun flood into your mind.
The wendigo claws you but does no damage.
The wendigo bites you.
* * * LOW HITPOINT WARNING * * *
The nargun hits you!
* * * LOW HITPOINT WARNING * * *
The nargun bites you but does no damage.
The frost giant points at you and mumbles some strange words.
The bolt of cold hits the wendigo.
The wendigo completely resists.
The bolt of cold hits you! You resist.
* * * LOW HITPOINT WARNING * * *
The nargun hits you but does no damage. The nargun bites you.
The nargun freezes you! You resist.
* * * LOW HITPOINT WARNING * * *
Your hellion misses the wendigo. The titan hits you!
* * * LOW HITPOINT WARNING * * *
The wendigo misses your sixfirhy. The wendigo bites your sixfirhy.
You barely resist.
Visions of slaying the nargun flood into your mind.
Your sixfirhy hits the wendigo but does no damage.
Your sixfirhy barely misses the wendigo.
Your hellion hits the wendigo.
The wendigo claws you but does no damage.
The wendigo bites you but does no damage.
The titan waves its arms in wide circles.
The air twists around and strikes you.
The frost giant gestures at you while chanting.
The bolt of cold hits the wendigo.
The wendigo completely resists.
The bolt of cold hits you! You resist.
You die...

©8_8_8_8▓ ▓.....8©
...)).._▓▓..")::})):":). ▓..)...[
...[...8▓▓..))|):?[[[))..▓....)[)
......._▓▓...............▓......)
.......8▓▓...............▓.......
=......_▓▓.....§C§.......▓.......
.......8▓▓....ZCCWW......▓....)))
......._▓▓....Z9R9R......▓.....))
.......8▓▓....29@C3......▓..▓....
......._▓▓....2R§§.......▓.▓▓▓...
.......8▓▓....§.§........▓..▓....
......._▓▓...............▓.......
_8_8_8_8▓▓...............▓......©
▓▓▓▓▓▓▓▓▓▓...............▓▓▓▓▓▓▓▓
▓.......©.......▓.....8©
▓▓▓▓▓▓▓▓▓▓▓▓▓▓▓▓▓..)).)} ▓...)=))


You could see a titan (drained), 2 frost giants, 3 wendigos, 3 narguns, 2
freezing wraiths, a hellion, a ball python simulacrum, an adder simulacrum, a
friendly sixfirhy (summoned) and a friendly hellion (summoned, drained).

Vanquished Creatures
  A dread lich (D)
  A pearl dragon (D)
  A deep elf blademaster (D)
  A nargun (D)
  A daeva (D)
  A draconian knight (D)
  A deep elf sorcerer (D)
  A draconian shifter (D)
  An angel (D)
  2 orc warlords (D)
  2 very ugly things (D)
  A stone giant (D)
  4 green draconians (D)
  A purple draconian (D)
  A yellow draconian (D)
  2 black draconians (D)
  2 wendigos (D)
  A deep elf annihilator (D)
  A white draconian (D)
  A yaktaur captain (D)
  A merfolk javelineer (D)
  A dancing weapon (D)
  A deep elf knight (D)
  A death drake (shapeshifter) (D)
  2 deep elf archers (D)
  2 orc sorcerers (D)
  A deep elf zephyrmancer (D)
  A moth of wrath (shapeshifter) (D)
  A salamander (shapeshifter) (D)
  A cyclops (D)
  4 draconians (D)
  A black mamba (shapeshifter) (D)
  4 cane toads (D)
  A rime drake (D)
  A komodo dragon (shapeshifter) (D)
  A komodo dragon (D)
  10 merfolk (D)
  A yaktaur (D)
  A polar bear (shapeshifter) (D)
  A troll (D)
  A wind drake (D)
  Sigmund (D)
  A fire elemental (D)
  2 yaks (D)
  4 nagas (D)
  2 water moccasins (D)
  4 orc warriors (D)
  An ogre (D)
  2 centaurs (D)
  2 bullfrogs (D)
  Dowan (D)
  An orc priest (D)
  2 iguanas (D)
  2 orc wizards (D)
  2 adders (D)
  A river rat (D)
  2 orcs (D)
95 creatures vanquished.

Vanquished Creatures (collateral kills)
  A pearl dragon (D)
  2 deep elf master archers (D)
  A daeva (D)
  An azure jelly (D)
  A draconian shifter (D)
  An orc warlord (D)
  A draconian stormcaller (D)
  A stone giant (D)
  A deep elf annihilator (D)
  A black draconian (D)
  2 very ugly things (D)
  A green draconian (D)
  A wendigo (D)
  2 purple draconians (D)
  A merfolk javelineer (D)
  A deep elf death mage (D)
  A boulder beetle (shapeshifter) (D)
  An orc high priest (D)
  A deep elf knight (D)
  A swamp dragon (shapeshifter) (D)
  A deep elf archer (D)
  5 deep elf pyromancers (D)
  2 ugly things (D)
  2 cyclopes (D)
  An orc sorcerer (D)
  A torpor snail (shapeshifter) (D)
  A yaktaur (D)
  A tarantella (shapeshifter) (D)
  A troll (D)
  A wind drake (D)
  A dream sheep (shapeshifter) (D)
  An air elemental (D)
  A human (shapeshifter) (D)
  A basilisk (shapeshifter) (D)
  2 swamp worms (shapeshifter) (D)
  A naga (D)
  2 orc warriors (D)
  2 centaurs (D)
  Blork the orc (D)
  An orc priest (D)
  Crazy Yiuf (D)
  Jessica (D)
  2 adders (D)
  An orc (D)
  4 ball pythons (D)
  A bat simulacrum (D)
62 creatures vanquished.

Vanquished Creatures (others)
  A purple draconian (D)
  A hellion (D)
  A tormentor (D)
  An adder simulacrum (D)
  3 ball python simulacra (D)
  4 bat simulacra (D)
  A quokka simulacrum (D)
12 creatures vanquished.

Grand Total: 169 creatures vanquished

Notes
Turn   | Place    | Note
-------+----------+-------------------------------------------
     0 | D        | octoduck the Minotaur Fighter began the quest for the Orb.
     0 | D        | Reached XP level 1. HP: 19/19 MP: 0/0
     3 | D        | Found a blossoming altar of Fedhas.
     3 | D        | Found the +6 Majin-Bo {spellvamp, MP+6 Int+6}
     3 | D        | Found the +27 heavy crossbow "Sniper" {heavy, Acc+∞ SInv}
     3 | D        | Found the +10 dark maul {heavy}
     3 | D        | Found the +15 Maxwell's patent armour {-Cast -Tele rElec
                  | Will+ rCorr}
     3 | D        | Found the +18 shield of the Gong {Loud rN+ Will+ rCorr
                  | EV-5}
     3 | D        | Found the +16 obsidian axe {drain, demonic, Mesm Drain Fly
                  | SInv}
     3 | D        | Found the +7 great mace "Firestarter" {flame, inner flame,
                  | rFlCloud rF++}
     3 | D        | Found the +6 shillelagh "Devastator" {shatter}
     3 | D        | Found the +11 plutonium sword {Contam Stlth-}
     3 | D        | Found the +8 lance "Wyrmbane" {slay drac, rPois rF+ rC+
                  | AC+3}
     3 | D        | Found the +9 sword of Zonguldrok {reap}
     3 | D        | Found the +13 scythe of Curses {drain, curses, Drain}
     3 | D        | Found the +9 sword of Power {lifebolt}
     3 | D        | Found the +7 mace of Variability {chaos, chain chaos}
     3 | D        | Found the +11 Singing Sword {sonic wave}
     3 | D        | Found the +8 storm bow {elec, penet}
    15 | D        | Found a viscous altar of Jiyva.
    15 | D        | Found a hazy altar of Hepliaklqana.
    15 | D        | Found a transporter.
    15 | D        | Found an opulent altar of Gozag.
    15 | D        | Found an ancient bone altar of Kikubaaqudgha.
    15 | D        | Found a corrupted altar of Lugonu.
    22 | D        | Found a burning altar of Makhleb.
    23 | D        | Found a stormy altar of Qazlal.
    23 | D        | Found a sacrificial altar of Ru.
    23 | D        | Found an iron altar of Okawaru.
    23 | D        | Found a shimmering blue altar of Sif Muna.
    23 | D        | Found a sparkling altar of Nemelex Xobeh.
    23 | D        | Found a bloodstained altar of Trog.
    70 | D        | Reached XP level 2. HP: 26/26 MP: 1/1
    94 | D        | Became a worshipper of Makhleb the Destroyer
   102 | D        | Entered arena 2.
   102 | D        | Found a transporter.
   106 | D        | Reached XP level 3. HP: 31/31 MP: 2/2
   114 | D        | Entered arena 3.
   114 | D        | Found a transporter.
   117 | D        | Reached * piety under Makhleb
   118 | D        | Reached XP level 4. HP: 39/39 MP: 3/3
   124 | D        | Entered arena 4.
   124 | D        | Found the +4 skin of Zhor {*Englaciate rC+++ SInv}
   124 | D        | Noticed a draconian
   124 | D        | Noticed a draconian
   124 | D        | Noticed a draconian
   124 | D        | Noticed a draconian
   124 | D        | Found a transporter.
   130 | D        | Killed a draconian
   130 | D        | Reached ** piety under Makhleb
   131 | D        | Reached skill level 9 in Armour
   131 | D        | Reached XP level 5. HP: 45/45 MP: 4/4
   131 | D        | Reached XP level 6. HP: 51/51 MP: 5/5
   131 | D        | Killed a draconian
   131 | D        | Killed a draconian
   132 | D        | Reached skill level 13 in Armour
   132 | D        | Reached XP level 7. HP: 57/57 MP: 6/6
   132 | D        | Reached XP level 8. HP: 64/64 MP: 7/7
   132 | D        | Killed a draconian
   139 | D        | Got the Precepts of Transposition and Topomancy
   142 | D        | Entered arena 5.
   142 | D        | Noticed a merfolk
   142 | D        | Noticed a merfolk
   142 | D        | Noticed a merfolk
   142 | D        | Noticed a merfolk
   142 | D        | Found a transporter.
   148 | D        | Killed a merfolk
   148 | D        | Reached *** piety under Makhleb
   149 | D        | Killed a merfolk
   149 | D        | Killed a merfolk
   150 | D        | Reached skill level 5 in Invocations
   150 | D        | Reached XP level 9. HP: 70/70 MP: 8/12
   152 | D        | Killed a merfolk
   153 | D        | Reached skill level 10 in Shields
   182 | D        | Entered arena 6.
   182 | D        | Noticed Sigmund
   182 | D        | Noticed Jessica
   182 | D        | Noticed Blork the orc
   182 | D        | Noticed Crazy Yiuf
   182 | D        | Noticed Dowan
   182 | D        | Found a transporter.
   186 | D        | Killed Dowan
   186 | D        | Reached **** piety under Makhleb
   187 | D        | Killed Crazy Yiuf
   187 | D        | Killed Blork the orc
   189 | D        | Killed Jessica
   191 | D        | Killed Sigmund
   191 | D        | Reached ***** piety under Makhleb
   192 | D        | Reached skill level 5 in Fighting
   208 | D        | Entered arena 7.
   208 | D        | Found the +3 pair of mountain boots {steadfast, rC+}
   208 | D        | Noticed a deep elf knight
   208 | D        | Noticed a deep elf archer
   208 | D        | Noticed a deep elf zephyrmancer
   208 | D        | Noticed a deep elf pyromancer
   208 | D        | Noticed a deep elf pyromancer
   208 | D        | Noticed a deep elf archer
   209 | D        | Found a transporter.
   212 | D        | Killed a deep elf zephyrmancer
   214 | D        | Killed a deep elf pyromancer
   216 | D        | Killed a deep elf archer
   217 | D        | Reached XP level 10. HP: 64/91 MP: 13/16
   217 | D        | Killed a deep elf pyromancer
   218 | D        | Reached skill level 10 in Fighting
   218 | D        | Reached skill level 10 in Invocations
   219 | D        | Killed a deep elf knight
   220 | D        | Killed a deep elf archer
   230 | D        | Got the ring of Immorality {rElec rPois Will- Str+7}
   233 | D        | Got the ring of Ussaliup {rN+ Int+2 Dex+4 Stlth-}
   249 | D        | Entered arena 8.
   250 | D        | Found a transporter.
   254 | D        | Reached ****** piety under Makhleb
   263 | D        | Got the ring "Meaginau" {rPois MP+9 Int+3 Dex+6 SInv}
   265 | D        | Got the ring of the Median {rC+ Dex+4 SInv}
   273 | D        | Entered arena 9.
   274 | D        | Found a transporter.
   281 | D        | Reached skill level 1 in Dodging
   296 | D        | Entered arena 10.
   297 | D        | Found a transporter.
   316 | D        | Got the amulet "Funot" {Spirit rCorr}
   324 | D        | Got the +0 pair of boots "Ekitzum" {Harm rF+ rC- Dex+3}
   340 | D        | Entered arena 11.
   342 | D        | Found a transporter.
   349 | D        | Reached skill level 5 in Dodging
   354 | D        | Reached XP level 11. HP: 105/105 MP: 10/20
   385 | D        | Entered arena 12.
   385 | D        | Noticed a pearl dragon
   385 | D        | Noticed a pearl dragon
   385 | D        | Noticed an angel
   386 | D        | Noticed a daeva
   390 | D        | Noticed a daeva
   401 | D        | Killed a pearl dragon
   402 | D        | Reached skill level 14 in Armour
   410 | D        | Killed a daeva
   410 | D        | Killed a daeva
   411 | D        | Reached skill level 15 in Armour
   413 | D        | Killed a pearl dragon
   414 | D        | Reached skill level 16 in Armour
   416 | D        | Killed an angel
   417 | D        | Reached skill level 17 in Armour
   417 | D        | Found a transporter.
   447 | D        | Got the Anthology of the Sky and Gloom
   455 | D        | Got the +2 pair of gloves of Kiephe {Dex+2}
   617 | D        | Entered arena 13.
   617 | D        | Noticed a wendigo
   617 | D        | Noticed a dread lich
   618 | D        | Noticed a nargun
   619 | D        | Noticed a wendigo
   619 | D        | Noticed a wendigo
   628 | D        | Paralysed by a wendigo for 1 turns
   632 | D        | Killed a nargun
   634 | D        | Killed a wendigo
   635 | D        | Reached skill level 10 in Evocations
   635 | D        | Found a transporter.
   635 | D        | Killed a wendigo
   636 | D        | Reached XP level 12. HP: 69/117 MP: 8/21
   637 | D        | Noticed a Brimstone Fiend
   638 | D        | Killed a dread lich
   644 | D        | Killed a wendigo
   651 | D        | Got the amulet "Pesustuk" {RegenMP rN+ Int-4 Slay+2}
   757 | D        | Entered arena 14.
   775 | D        | Found a transporter.
   789 | D        | Entered arena 15.
   790 | D        | Noticed an orc warlord
   790 | D        | Noticed an orc warlord
   790 | D        | Noticed an orc warlord
   791 | D        | Identified the +0 leather armour "Onlutam" {rF+ Int+3
                  | Dex-4}
   791 | D        | Noticed an orc high priest
   792 | D        | Found a transporter.
   797 | D        | Killed an orc warlord
   798 | D        | Reached skill level 15 in Invocations
   803 | D        | Killed an orc warlord
   804 | D        | Killed an orc warlord
   805 | D        | Reached XP level 13. HP: 99/137 MP: 11/24
   814 | D        | Got the Book of Enchantment and the Voyage
   889 | D        | Entered arena 16.
   890 | D        | Noticed a merfolk javelineer
   890 | D        | Noticed a merfolk javelineer
   891 | D        | Noticed a stone giant
   891 | D        | Noticed a deep elf master archer
   894 | D        | Noticed a stone giant
   898 | D        | Found a transporter.
   906 | D        | Killed a stone giant
   907 | D        | Killed a stone giant
   908 | D        | Killed a deep elf master archer
   912 | D        | Killed a merfolk javelineer
   913 | D        | Reached skill level 15 in Shields
   913 | D        | Killed a merfolk javelineer
  1040 | D        | Entered arena 17.
  1043 | D        | Noticed a deep elf death mage
  1043 | D        | Noticed a deep elf sorcerer
  1043 | D        | Noticed a deep elf master archer
  1043 | D        | Noticed a deep elf blademaster
  1045 | D        | Noticed a deep elf annihilator
  1046 | D        | Noticed a green death
  1046 | D        | Noticed a deep elf annihilator
  1047 | D        | Paralysed by an air elemental for 1 turns
  1050 | D        | Killed a deep elf blademaster
  1051 | D        | Killed a deep elf death mage
  1052 | D        | Reached skill level 18 in Armour
  1054 | D        | Killed a deep elf sorcerer
  1054 | D        | Killed a deep elf master archer
  1055 | D        | Reached skill level 19 in Armour
  1055 | D        | Found a transporter.
  1057 | D        | Killed a deep elf annihilator
  1060 | D        | Killed a deep elf annihilator
  1151 | D        | Entered arena 18.
  1154 | D        | Noticed a green draconian
  1154 | D        | Noticed a green draconian
  1154 | D        | Noticed a purple draconian
  1154 | D        | Noticed a white draconian stormcaller
  1154 | D        | Noticed a black draconian
  1154 | D        | Noticed a purple draconian shifter
  1154 | D        | Noticed a yellow draconian
  1154 | D        | Noticed a purple draconian
  1154 | D        | Noticed a purple draconian shifter
  1154 | D        | Noticed a green draconian
  1154 | D        | Noticed a green draconian
  1155 | D        | Noticed a black draconian
  1155 | D        | Noticed a white draconian
  1155 | D        | Noticed a black draconian
  1155 | D        | Noticed a black draconian knight
  1155 | D        | Identified the +5 scimitar of the Pure Wonders {vamp,
                  | Int+3}
  1155 | D        | Noticed a purple draconian
  1156 | D        | Noticed a green draconian
  1158 | D        | Noticed a purple draconian
  1159 | D        | Killed a purple draconian shifter
  1160 | D        | Reached skill level 20 in Armour
  1160 | D        | Reached skill level 15 in Evocations
  1164 | D        | Killed a white draconian
  1167 | D        | Killed a green draconian
  1167 | D        | Killed a purple draconian
  1169 | D        | Killed a black draconian knight
  1169 | D        | Killed a green draconian
  1170 | D        | Reached skill level 21 in Armour
  1170 | D        | Reached XP level 14. HP: 51/146 MP: 25/25
  1180 | D        | Reached skill level 22 in Armour
  1180 | D        | Killed a white draconian stormcaller
  1184 | D        | Found a transporter.
  1191 | D        | Killed a purple draconian shifter
  1213 | D        | Got the Book of Injurious Allies
  1281 | D        | Entered arena 19.
  1285 | D        | Noticed a red very ugly thing
  1285 | D        | Noticed a white very ugly thing
  1286 | D        | Noticed a green very ugly thing
  1287 | D        | Noticed a brown very ugly thing
  1290 | D        | Reached skill level 23 in Armour
  1293 | D        | Killed a red very ugly thing
  1294 | D        | Killed a white very ugly thing
  1296 | D        | Reached skill level 24 in Armour
  1298 | D        | Killed a green very ugly thing
  1301 | D        | Killed a brown very ugly thing
  1301 | D        | a jorogumo changed into a broodmother
  1301 | D        | Noticed a broodmother (glowing shapeshifter)
  1304 | D        | Reached skill level 25 in Armour
  1304 | D        | a broodmother changed into a boulder beetle
  1306 | D        | Found a transporter.
  1315 | D        | Got Sif Muna's Meditations on Transmutation
  1331 | D        | Got the ring "Qaanowet" {rElec Will+ Str+5 Slay-5 Stlth+}
  1348 | D        | Entered arena 20.
  1353 | D        | Noticed a frost giant
  1353 | D        | Noticed a nargun
  1353 | D        | Noticed an azure jelly
  1353 | D        | Noticed a frost giant
  1353 | D        | Noticed a titan
  1353 | D        | Noticed a titan
  1353 | D        | Noticed a nargun
  1354 | D        | Noticed a nargun
  1359 | D        | Killed an azure jelly
  1368 | D        | Paralysed by a wendigo for 1 turns
  1374 | D        | Paralysed by a wendigo for 1 turns
  1376 | D        | HP: 1/146 [titan (7)]
  1377 | D        | Killed from afar by a frost giant

Illustrated notes

Levels and vault maps discovered:
D:        sprint_v [room_start, room_1, room_2, room_3, room_4, room_5, room_6,
          room_7, room_8, room_9, room_10, room_11, room_12, room_13, room_14,
          room_15, room_16, room_17, room_18, room_19, room_20, room_21,
          room_22, room_23, room_24, room_25, room_26, room_27]

Skill      XL: |  1  2  3  4  5  6  7  8  9 10 11 12 13 14 |
---------------+-------------------------------------------+-----
Axes           | 7 9 11 14 16 17 18 | 18.0
Shields        | 6 9 10 16 | 16.7
Armour         | 9 13 17 21 25 | 25.9
Invocations    | 5 9 13 16 | 16.5
Fighting       | 9 12 14 19 | 19.6
Dodging        | 7 |  7.8
Evocations     | 10 12 15 17 | 17.5

Action                     |  1- 3 |  4- 6 |  7- 9 | 10-12 | 13-15 || total
---------------------------+-------+-------+-------+-------+-------++-------
  Melee: Broad axe         |     2 |     5 |    14 |    68 |    60 ||   149
         Headbutt          |       |     1 |       |    16 |     9 ||    26
 Invoke: Greater Servant o |       |       |       |     5 |    14 ||    19
         Major Destruction |       |       |       |       |     2 ||     2
  Evoke: Wand              |       |       |       |     1 |       ||     1
         Lightning rod     |       |       |       |     4 |     4 ||     8
         Box of beasts     |       |       |       |     1 |     2 ||     3
         Phantom mirror    |       |       |       |     1 |     2 ||     3
         Piece from Xom's  |       |       |       |       |     1 ||     1
    Use: Potion            |     1 |     1 |     2 |    11 |    11 ||    26
         Scroll            |       |       |       |     1 |     2 ||     3
   Stab: Distracted        |       |       |     1 |     3 |       ||     4
 Armour: Plate armour      |     1 |     4 |     7 |    45 |    83 ||   140
  Dodge: Dodged            |       |       |       |    13 |    16 ||    29
  Block: Kite shield       |     1 |     5 |    19 |   107 |   126 ||   258
         Reflection        |       |       |       |       |     3 ||     3

Table legend: (Time is in decaauts)
 A = Elapsed time spent in this place.
 B = Non-inter-level travel time spent in this place.
 C = Inter-level travel time spent in this place.
 D = Time resting spent in this place.
 E = Time spent auto-exploring this place.
 F = Levels seen in this place.
 G = Mean time per level.
                   A        B        C        D        E       F      G
               +--------+--------+--------+--------+--------+-----+--------+
         Total |   1287 |   1281 |      6 |    534 |      0 |   1 | 1287.0 |
       Dungeon |   1287 |   1281 |      6 |    534 |      0 |   1 | 1287.0 |
               +--------+--------+--------+--------+--------+-----+--------+

Top non-repeatable levels by time:
       D: 1287 daAuts
